 Dungeon Crawl Stone Soup version 0.30-a0-141-g30f27751c5 (webtiles) character file.

Game seed: 13129818017081839982

198 qw the Chopper (level 5, 0/32 HPs)
             Began as a Gargoyle Fighter on Sept 25, 2022.
             Slain by a gnoll
             ... wielding a +0 spear
             ... led by a gnoll bouda
              (9 damage)
             ... on level 4 of the Dungeon.
             The game lasted 00:01:22 (3822 turns).

qw the Chopper (Gargoyle Fighter)                   Turns: 3822, Time: 00:01:23

Health: 0/32       AC: 16    Str: 21    XL:     5   Next: 77%
Magic:  5/5        EV:  9    Int:  9    God:
Gold:   168        SH:  4    Dex:  9    Spells: 4/4 levels left

rFire   + . .      SeeInvis .    Y - +1 war axe
rCold   . . .      Faith    .    c - +0 buckler
rNeg    + . .      Spirit   .    b - +0 scale mail
rPois   inf        Reflect  .    (no helmet)
rElec   +          Harm     .    (no cloak)
rCorr   .          Rampage  .    (no gloves)
Will    .....                    a - +0 pair of boots
Stlth   ..........               (no amulet)
HPRegen 0.10/turn                k - ring of protection from fire
MPRegen 0.09/turn                l - +4 ring of protection

@: no status effects
A: sickness immunity, AC +4, negative energy resistance 1, electricity
resistance, torment resistance 1, petrification resistance
a: no special abilities


You were on level 4 of the Dungeon.
You visited 1 branch of the dungeon, and saw 4 of its levels.

You collected 168 gold pieces.


Innate Abilities, Weirdness & Mutations

You are immune to sickness and miasma.
Your stone body is resilient. (AC +4)
You are immune to poison.
You resist negative energy. (rN+)
You are resistant to electric shocks. (rElec)
You are resistant to unholy torment.
You are immune to petrification.


   Skills:
 + Level 3.4 Fighting
 - Level 5.0 Axes
 - Level 1.2 Throwing
 - Level 3.2 Armour
 - Level 3.2 Shields


You had 4 spell levels left.
You didn't know any spells.
Your spell library was empty.

Inventory:

Hand Weapons
 j - a +0 flail
 Y - a +1 war axe (weapon)
Missiles
 m - 4 javelins (quivered)
Armour
 a - a +0 pair of boots (worn)
 b - a +0 scale mail (worn)
 c - a +0 buckler (worn)
Jewellery
 g - a ring of willpower
 k - a ring of protection from fire (left hand)
 l - a +4 ring of protection (right hand)
Scrolls
 f - a scroll of noise {unknown}
 h - 4 scrolls of teleportation
 n - a scroll of identify
Potions
 d - a potion of might
 e - 3 potions of curing

Dungeon Overview and Level Annotations

Branches:
Dungeon (4/15)
 Temple: D:4-7

Altars:

Shops:
D:3 :


Message History

You barely miss the gnoll.
The gnoll is heavily wounded.
You slash the gnoll bouda! You block the gnoll's attack.
The gnoll barely misses you. The quokka closely misses you.
The gnoll hits you from afar with a +0 spear.
The gnoll bouda hits you with a +0 whip.
You hit the gnoll bouda.
The gnoll bouda is heavily wounded.
You closely miss the gnoll. You barely miss the quokka.
The quokka bites you but does no damage.
The gnoll hits you with a +0 flail.
The gnoll hits you from afar with a +0 spear.
The gnoll bouda closely misses you. The gnoll barely misses you.
The quokka closely misses you.
You closely miss the gnoll bouda.
The gnoll bouda is heavily wounded.
You slash the gnoll!
You kill the gnoll!
You hit the quokka.
3820 ||| RIP OSSUARY The walls and floor vibrate strangely for a moment.
You block the gnoll's attack. The quokka closely misses you.
The gnoll bouda hits you with a +0 whip.
3821 ||| PLANNING D:1-11 You hit the gnoll bouda.
The gnoll bouda is severely wounded.
You closely miss the quokka.
The quokka bites you but does no damage.
You block the gnoll's attack.
The gnoll bouda hits you with a +0 whip!
The quokka bites you but does no damage.
The gnoll hits you but does no damage.
You hit the gnoll bouda.
The gnoll bouda is almost dead.
You slash the quokka!
You kill the quokka!
The gnoll bouda hits you with a +0 whip.
The gnoll hits you from afar with a +0 spear!
You die...

....... .......
....... .......
....... g......
#########g......
#.......@)......
#.#)#####%......
###.#.# .#.....
#...#.# .# #...
#.#.#.# .. ..
#(#.#.. .# .
#.#.#####. .# #
##.........#.# .
#..#.#####.#


You could see a gnoll bouda and a gnoll (strong, swift).

Vanquished Creatures
  An orc priest (D:4)
  An iguana (D:3)
  3 adders
  3 gnolls (D:4)
  3 worms
  A dart slug (D:2)
  5 orcs
  10 endoplasms
  4 giant cockroaches
  6 goblins
  3 hobgoblins
  3 jackals (D:3)
  4 kobolds
  6 quokkas
  6 ball pythons
  3 bats
  2 frilled lizards
  8 rats
72 creatures vanquished.

Notes
Turn   | Place    | Note
-------+----------+-------------------------------------------
     0 | D:1      | qw the Gargoyle Fighter began the quest for the Orb.
     0 | D:1      | Reached XP level 1. HP: 14/14 MP: 1/1
     0 | D:1      | 0 ||| qw: Version: 0.2-a-10-g399e6c4
     0 | D:1      | 0 ||| qw: Game counter: 135
     0 | D:1      | 0 ||| qw: Always use a shield: true
     0 | D:1      | 0 ||| qw: God list: Okawaru
     0 | D:1      | 0 ||| qw: Allow faded altars: false
     0 | D:1      | 0 ||| qw: Do Orc after D:15 true
     0 | D:1      | 0 ||| qw: Do second Lair branch before Depths: true
     0 | D:1      | 0 ||| qw: Lair rune preference: random
     0 | D:1      | 0 ||| qw: Plans: Normal, Zot:1-4, God:TSO, Crypt, Tomb,
                  | Pan, Slime:5, Hells, Abyss, Orb
     0 | D:1      | 0 ||| PLANNING D:1-11
    21 | D:1      | Reached skill level 2 in Axes
   336 | D:1      | Reached XP level 2. HP: 19/19 MP: 2/2
   628 | D:1      | 628 ||| DROPPING +0 club.
  1071 | D:1      | 1071 ||| READING scroll labelled MEBBIERCHA WILI.
  1072 | D:1      | 1072 ||| READING scroll labelled SIEKOU BOCSI.
  1073 | D:1      | 1073 ||| READING 2 scrolls labelled DIRAWOEGRE.
  1074 | D:1      | 1074 ||| DRINKING 2 viscous ruby potions.
  1075 | D:1      | 1075 ||| DROPPING scroll of magic mapping.
  1094 | D:2      | 1094 ||| STAIRDANCE
  1100 | D:2      | Reached skill level 3 in Axes
  1100 | D:2      | 1100 ||| STAIRDANCE
  1292 | D:2      | Reached XP level 3. HP: 23/23 MP: 3/3
  1303 | D:2      | Found a faded altar of an unknown god.
  1393 | D:2      | 1393 ||| Stepping ~*~*~tactically~*~*~ (stealth).
  1395 | D:2      | 1395 ||| Stepping ~*~*~tactically~*~*~ (stealth).
  1397 | D:2      | 1397 ||| Stepping ~*~*~tactically~*~*~ (stealth).
  1408 | D:2      | 1408 ||| Stepping ~*~*~tactically~*~*~ (stealth).
  1412 | D:2      | 1412 ||| Stepping ~*~*~tactically~*~*~ (stealth).
  1413 | D:2      | 1413 ||| Stepping ~*~*~tactically~*~*~ (stealth).
  1414 | D:2      | 1414 ||| Stepping ~*~*~tactically~*~*~ (stealth).
  1914 | D:2      | Reached XP level 4. HP: 28/28 MP: 4/4
  2144 | D:2      | 2144 ||| FLEEEEING.
  2145 | D:2      | 2145 ||| FLEEEEING.
  2146 | D:2      | 2146 ||| FLEEEEING.
  2147 | D:2      | 2147 ||| FLEEEEING.
  2148 | D:2      | 2148 ||| FLEEEEING.
  2149 | D:2      | 2149 ||| FLEEEEING.
  2150 | D:2      | 2150 ||| FLEEEEING.
  2153 | D:2      | Reached skill level 4 in Axes
  2240 | D:2      | 2240 ||| UPGRADING to +0 pair of boots.
  2245 | D:2      | 2245 ||| UPGRADING to ring of protection from fire.
  2246 | D:2      | 2246 ||| UPGRADING to +4 ring of protection.
  2247 | D:2      | 2247 ||| READING 3 scrolls labelled YNARIX KIKHEDEAT.
  2248 | D:2      | 2248 ||| READING scroll labelled OZOUTA AKHEI.
  2249 | D:2      | 2249 ||| READING scroll labelled WYPESCH ZOEMU.
  2296 | D:2      | 2296 ||| DROPPING 2 scrolls of butterflies.
  2566 | D:3      | Found Kadohyun's Book Shoppe.
  2702 | D:3      | 2702 ||| Stepping ~*~*~tactically~*~*~ (stealth).
  2704 | D:3      | 2704 ||| Stepping ~*~*~tactically~*~*~ (stealth).
  2706 | D:3      | 2706 ||| Stepping ~*~*~tactically~*~*~ (stealth).
  2841 | D:3      | 2841 ||| Stepping ~*~*~tactically~*~*~ (stealth).
  2842 | D:3      | 2842 ||| Stepping ~*~*~tactically~*~*~ (stealth).
  2850 | D:3      | Reached XP level 5. HP: 21/32 MP: 5/5
  3130 | D:3      | 3130 ||| READING scroll labelled AXUXIY LAZOXIA.
  3131 | D:3      | 3131 ||| READING 5 scrolls labelled FIAWUT FOIXEKK.
  3135 | D:3      | 3135 ||| DRINKING 2 fuming ruby potions.
  3136 | D:3      | 3136 ||| READING 2 scrolls of identify.
  3136 | D:3      | 3136 ||| IDENTIFYING amethyst potion
  3137 | D:3      | 3137 ||| DROPPING potion of magic.
  3138 | D:3      | 3138 ||| DROPPING potion of flight.
  3144 | D:4      | 3144 ||| PLANNING OSSUARY
  3191 | D:4      | Found a sand-covered staircase.
  3192 | D:4      | 3192 ||| READING scroll labelled OVVUAK DATAHA.
  3397 | D:4      | 3397 ||| FLEEEEING.
  3398 | D:4      | 3398 ||| FLEEEEING.
  3399 | D:4      | 3399 ||| FLEEEEING.
  3401 | D:4      | 3401 ||| FLEEEEING.
  3402 | D:4      | 3402 ||| FLEEEEING.
  3403 | D:4      | 3403 ||| FLEEEEING.
  3404 | D:4      | 3404 ||| FLEEEEING.
  3413 | D:4      | Reached skill level 1 in Throwing
  3537 | D:4      | 3537 ||| DROPPING +0 whip.
  3566 | D:4      | 3566 ||| Stepping ~*~*~tactically~*~*~ (stealth).
  3567 | D:4      | 3567 ||| Stepping ~*~*~tactically~*~*~ (stealth).
  3571 | D:4      | 3571 ||| Stepping ~*~*~tactically~*~*~ (stealth).
  3602 | D:4      | Reached skill level 5 in Axes
  3809 | D:4      | 3809 ||| Stepping ~*~*~tactically~*~*~ (hiding).
  3820 | D:4      | 3820 ||| RIP OSSUARY
  3821 | D:4      | 3821 ||| PLANNING D:1-11
  3822 | D:4      | Slain by a gnoll

Levels and vault maps discovered:
D:1:      denvon_arrival_planthouse, layout_loops_ring
D:2:      layout_rooms, hellmonk_ecumenical_altar_inner_sanctum
D:3:      layout_basic, serial_shops, nicolae_lakefront_shop,
          grunt_decor_fettered, kennysheep_generic_room_2
D:4:      layout_cave_pods, lemuel_doored_altar,
          nicolae_ossuary_entry_false_entrances, chequers_serial_rivers_micro_b,
          roderic_lattice_a, dk_noncrumbling_2, uniq_pikel, uniq_pargi

Skill      XL: |  1  2  3  4  5 |
---------------+----------------+-----
Axes           | 2 3 4 5 |  5.0
Throwing       | 1 |  1.2
Fighting       | |  3.4
Armour         | |  3.2
Shields        | |  3.2

Action                   |  1- 3 |  4- 6 || total
-------------------------+-------+-------++-------
Melee: War axe           |   128 |   138 ||   266
Throw: Javelin           |       |    12 ||    12
  Use: Scroll            |     3 |     7 ||    10
       Potion            |     1 |     1 ||     2
Armor: Scale mail        |    55 |    68 ||   123
Dodge: Dodged            |    50 |    58 ||   108
Block: Buckler           |    25 |    23 ||    48

Table legend:
 A = Non-vault XP
 B = Vault XP
 C = Vault XP percentage of total XP
 D = Non-vault monster count
 E = Vault monster count
 F = Vault count percentage of total count
                 A         B        C        D         E       F
            +---------+---------+-------+---------+---------+-------
      Total |     284 |       2 |   0.7 |      71 |       1 |   1.4
            +---------+---------+-------+---------+---------+-------
        D:1 |      26 |       0 |   0.0 |      16 |       0 |   0.0
        D:2 |      73 |       0 |   0.0 |      24 |       0 |   0.0
        D:3 |      77 |       2 |   2.5 |      16 |       1 |   5.9
        D:4 |     108 |       0 |   0.0 |      15 |       0 |   0.0
            +---------+---------+-------+---------+---------+-------
